 Dungeon Crawl Stone Soup version 0.24.0-123-gd5b16e6ec5 (webtiles) character file.

Game seed: 6798393207999139609, levelgen mode: deterministic

55 Curus the Chopper (level 3, -2/31 HPs)
             Began as a Minotaur Abyssal Knight on Jan 22, 2020.
             Was a Follower of Lugonu.
             Slain by Crazy Yiuf
             ... wielding a +2 quarterstaff of chaos
              (7 damage)
             ... on level 2 of the Dungeon.
             The game lasted 00:04:04 (1359 turns).

Curus the Chopper (Minotaur Abyssal Knight)         Turns: 1359, Time: 00:04:04

Health: -2/31      AC:  7    Str: 16    XL:     3   Next: 67%
Magic:  13/13      EV:  9    Int:  9    God:    Lugonu [*.....]
Gold:   98         SH:  0    Dex: 12    Spells: 2/2 levels left

rFire    . . .     SeeInvis .   a - +2 hand axe
rCold    . . .     Gourm    .   (no shield)
rNeg     . . .     Faith    .   g - +0 scale mail
rPois    .         Spirit   .   (helmet restricted)
rElec    .         Reflect  .   (no cloak)
rCorr    .         Harm     +   (no gloves)
MR       .....                  d - +0 pair of boots
Stlth    ..........             f - amulet of harm
HPRegen  0.10/turn              k - +2 ring of dexterity
MPRegen  0.13/turn              e - ring of magical power

@: slowed, lightly drained, very slow
A: retaliatory headbutt, horns 2
a: Depart the Abyss, Renounce Religion


You were on level 2 of the Dungeon.
You worshipped Lugonu.
Lugonu was aware of your devotion.
You were not hungry.

You visited 1 branch of the dungeon, and saw 2 of its levels.
You visited the Abyss 1 time.

You collected 98 gold pieces.

Inventory:

Hand Weapons
 a - a +2 hand axe (weapon)
Armour
 b - a +0 leather armour
 d - a +0 pair of boots (worn)
 g - a +0 scale mail (worn)
Jewellery
 e - a ring of magical power (right hand)
 f - an amulet of harm (around neck)
 i - an uncursed ring of flight
 k - a +2 ring of dexterity (left hand)
Scrolls
 h - a scroll of remove curse
 j - a scroll of identify
Potions
 m - a potion of ambrosia
Comestibles
 c - 4 rations


   Skills:
 - Level 3.6(3.3) Fighting
 + Level 3.9(3.6) Axes
 - Level 2.4(2.1) Armour
 - Level 1.1(0.8) Dodging
 + Level 3.1(2.8) Invocations


You had 2 spell levels left.
You didn't know any spells.
Your spell library was empty.

Dungeon Overview and Level Annotations

Branches:
Dungeon (2/15)

Altars:
Ashenzari
Uskayaw
Vehumet

Annotations:
D:2 Crazy Yiuf


Innate Abilities, Weirdness & Mutations

You reflexively headbutt those who attack you in melee.
You have a pair of horns on your head.


Message History

You hit Crazy Yiuf but do no damage.
Crazy Yiuf screams, "Goober canine forty-two!"
Crazy Yiuf hits you with a +2 quarterstaff of chaos.
You are electrocuted!
You closely miss Crazy Yiuf.
Crazy Yiuf hits you with a +2 quarterstaff of chaos.
You feel drained.
You closely miss Crazy Yiuf.
Crazy Yiuf hits you with a +2 quarterstaff of chaos!
* * * LOW HITPOINT WARNING * * *
You feel yourself slow down.
You hit Crazy Yiuf. You headbutt Crazy Yiuf!
Crazy Yiuf is severely wounded.
Crazy Yiuf drinks a potion.
Crazy Yiuf is healed!
You barely miss Crazy Yiuf.
Crazy Yiuf is heavily wounded.
Crazy Yiuf barely misses you.
Crazy Yiuf cries, "You leg down broken song, no?"
Crazy Yiuf hits you with a +2 quarterstaff of chaos.
You die...

#.#########.### ####..........#
#..###.#.#.# ##### #..#.....#.#
######### #)..# #>..........
#.......## #...# ##.###.#.#..
###.#####..# ... #..........
.##.#####.## #g# #######.##.
..[.......# #@## #.###
.##.##.##.# ##.# #.# .##.##.##.#
#.## ##.## ..........# ##.# #...#
.##.##.##### ##.## #...#
...........# ##...# #...#
...........# #PP.P# #####...##
.##..#.....# #....# ###.........
...÷.#.....#####..####..........÷


You could see Crazy Yiuf.

Vanquished Creatures
  An adder (D:2)
  An ooze (D:1)
  3 worms (D:2)
  2 leopard geckos (D:2)
  2 giant cockroaches
  4 goblins
  4 hobgoblins
  5 bats
  4 frilled lizards
  3 kobolds
  4 rats
33 creatures vanquished.

Notes
Turn   | Place    | Note
-------+----------+-------------------------------------------
     0 | Abyss:1  | Curus the Minotaur Abyssal Knight began the quest for the
                  | Orb.
     0 | Abyss:1  | Reached XP level 1. HP: 19/19 MP: 1/1
    78 | Abyss:1  | Noticed a large abomination
    79 | D:1      | Escaped the Abyss
   214 | D:1      | Reached XP level 2. HP: 26/26 MP: 2/2
   246 | D:1      | Reached * piety under Lugonu
   712 | D:2      | Found a hide-covered altar of Uskayaw.
   919 | D:2      | Reached XP level 3. HP: 19/31 MP: 4/4
   977 | D:2      | Found a runed translucent door.
   978 | D:2      | Noticed Crazy Yiuf
  1172 | D:2      | Found a radiant altar of Vehumet.
  1172 | D:2      | Found a shattered altar of Ashenzari.
  1359 | D:2      | Slain by Crazy Yiuf

Levels and vault maps discovered:
D:1:      dpeg_arrival_rhombus, layout_basic
D:2:      layout_loops_cross, gammafunk_temple_overflow_wave,
          overflow_temple_1_default, uniq_crazy_yiuf_cottage

Skill      XL: |  1  2  3 |
---------------+----------+-----
Invocations    | 2 3 |  3.1
Axes           | 3 |  3.9
Fighting       | |  3.6
Armour         | |  2.4
Dodging        | |  1.1

Action                   || total
-------------------------++-------
Melee: Hand axe          ||    71
       Headbutt          ||    10
Invok: Depart the Abyss  ||     1
  Use: Scroll            ||     5
       Potion            ||     3
  Eat: Chunk             ||     1
Armor: Leather armour    ||     6
       Scale mail        ||    15
Dodge: Dodged            ||    31
